 Dungeon Crawl Stone Soup version 0.31-a0-133-gaae73658be (webtiles) character file.

Game seed: 11311055610660229986

110 Drazool the Shooter (level 5, -1/38 HPs)
             Began as a Formicid Hunter on June 2, 2023.
             Slain by Edmund
             ... wielding a +1 flail of holy wrath
              (6 damage)
             ... on level 4 of the Dungeon.
             The game lasted 00:09:27 (1941 turns).

Drazool the Shooter (Formicid Hunter)               Turns: 1941, Time: 00:09:28

Health: -1/38      AC:  4    Str: 15    XL:     5   Next: 14%
Magic:  5/5        EV: 12    Int:  9    God:
Gold:   215        SH:  0    Dex: 19    Spells: 4/4 levels left

rFire   . . .        a - +0 shortbow
rCold   . . .        (no shield)
rNeg    . . .        j - +1 leather armour {rPois}
rPois   +            (helmet unavailable)
rElec   .            (no cloak)
rCorr   .            (no gloves)
SInv    +            (no boots)
Will    .....        (no amulet)
Stlth   ++           (no ring)
HPRegen 0.26/turn    (no ring)
MPRegen 0.09/turn

%: no passive effects
@: no status effects
A: permanent stasis, dig shafts and tunnels, antennae 3, four strong arms
a: Dig, Shaft Self


You were on level 4 of the Dungeon.
You visited 1 branch of the dungeon, and saw 4 of its levels.

You collected 215 gold pieces.


Innate Abilities, Weirdness & Mutations

You cannot be hasted, slowed, berserked, paralysed or teleported.
You can dig through walls and to a lower floor.
You have a pair of large antennae on your head. (SInv)
Your four strong arms can wield two-handed weapons with a shield.


   Skills:
 - Level 2.1 Fighting
 + Level 6.1 Ranged Weapons
 - Level 1.7 Dodging
 - Level 1.2 Stealth


You had 4 spell levels left.
You didn't know any spells.
Your spell library contained the following spells:

 Spells                   Type           Power      Damage    Failure   Level
 Lesser Beckoning         Tloc           0%         N/A       58%         2
 Gell's Gravitas          Tloc           0%         N/A       83%         3
 Teleport Other           Tloc           0%         N/A       83%         3

Inventory:

Hand Weapons
 a - a +0 shortbow (weapon)
Armour
 j - a +1 leather armour of poison resistance (worn)
Scrolls
 c - 4 scrolls of teleportation {@r2}
 d - a scroll of torment {unknown}
 e - a scroll of fear {unknown}
 f - a scroll of immolation {unknown}
 g - a scroll of amnesia {unknown}
 h - 2 scrolls of blinking {unknown}
 l - 4 scrolls of identify {unknown}
Potions
 i - a potion of magic
 k - a potion of ambrosia {unknown}

Dungeon Overview and Level Annotations

Branches:
Dungeon (4/15)
 Temple: D:4-7

Altars:

Annotations:
D:4 Edmund

######
##############....#########
#............#....#........
#.........@..'....#........
#........@..b#....#........
#...b....b...#....#........
##+###bb.##..#....#........
# #...##..#....#+###'### #>
#...##..###........... #..
#...+.... #........... #...
#...#.....#...........
#....#...#.....#...........


You could see Edmund (ally target).


Message History

Your butterfly dies!
Your butterfly disappears in a burst of colours!
Your butterfly disappears in a burst of colours!
Edmund barely misses your butterfly.
Edmund hits your butterfly with a +1 flail of holy wrath!
Your butterfly dies!
Your butterfly disappears in a burst of colours!
Your butterfly disappears in a burst of colours!
Edmund hits you with a +1 flail of holy wrath!
Edmund barely misses you.
You shoot an arrow. The arrow hits Edmund.
Edmund is moderately wounded.
Edmund hits you with a +1 flail of holy wrath.
You shoot an arrow. The arrow hits Edmund.
Edmund is heavily wounded.
Your butterfly disappears in a burst of colours! x3
Edmund hits you with a +1 flail of holy wrath.
Unknown command.
You shoot an arrow. The arrow completely misses Edmund.
Your butterfly disappears in a burst of colours! x2
Edmund hits you with a +1 flail of holy wrath!
* * * LOW HITPOINT WARNING * * *
Edmund hits you with a +1 flail of holy wrath!
* * * LOW HITPOINT WARNING * * *
Unknown command.
It was a potion of magic.
Magic courses through your body.
Your butterfly disappears in a burst of colours!
Edmund closely misses you.
Edmund hits you with a +1 flail of holy wrath.
You die...

Skill      XL: |  1  2  3  4 |
---------------+-------------+-----
Ranged Weapons | 5 6 |  6.1
Fighting       | |  2.1
Dodging        | |  1.7
Stealth        | |  1.2

Action                     |  1- 3 |  4- 6 || total
---------------------------+-------+-------++-------
   Fire: Shortbow          |   104 |    57 ||   161
Ability: Dig               |     2 |       ||     2
    Use: Scroll            |       |     2 ||     2
         Potion            |       |     1 ||     1
 Armour: Leather armour    |    10 |     5 ||    15
  Dodge: Dodged            |    33 |    16 ||    49

Levels and vault maps discovered:
D:1:      co_arrival_square_in_a_square_in_a_square, layout_basic,
          hellmonk_ecumenical_altar_zigzags, st_stairs_6
D:2:      layout_loops_ring, uniq_robin
D:3:      layout_basic, nicolae_overflow_hidden_temple,
          minmay_misc_feat_secret_circle
D:4:      layout_gridville, nicolae_underground_beach, uniq_edmund

Notes
Turn   | Place    | Note
-------+----------+-------------------------------------------
     0 | D:1      | Drazool the Formicid Hunter began the quest for the Orb.
     0 | D:1      | Reached XP level 1. HP: 16/16 MP: 1/1
    48 | D:1      | Found a faded altar of an unknown god.
    67 | D:1      | Reached XP level 2. HP: 22/22 MP: 2/2
   564 | D:2      | Reached XP level 3. HP: 27/27 MP: 3/3
   686 | D:2      | Noticed Robin
   703 | D:2      | Reached skill level 5 in Ranged Weapons
   992 | D:2      | Reached XP level 4. HP: 33/33 MP: 4/4
  1042 | D:2      | Killed Robin
  1697 | D:3      | Reached skill level 6 in Ranged Weapons
  1697 | D:3      | Reached XP level 5. HP: 38/38 MP: 5/5
  1906 | D:4      | Noticed Edmund
  1941 | D:4      | Slain by Edmund

Vanquished Creatures
  Robin (D:2)
  3 gnolls (D:2)
  An adder (D:3)
  A worm (D:2)
  2 dart slugs
  An orc (D:4)
  2 ball pythons (D:1)
  4 bats
  3 endoplasms
  5 giant cockroaches
  3 hobgoblins
  4 jackals
  2 kobolds
  2 quokkas
  11 goblins
  2 rats
47 creatures vanquished.

Table legend: (Time is in decaauts)
 A = Elapsed time spent in this place.
 B = Non-inter-level travel time spent in this place.
 C = Inter-level travel time spent in this place.
 D = Time resting spent in this place.
 E = Time spent auto-exploring this place.
 F = Levels seen in this place.
 G = Mean time per level.
                   A        B        C        D        E       F      G
               +--------+--------+--------+--------+--------+-----+--------+
         Total |   1974 |   1910 |     64 |     26 |   1386 |   4 |  493.5 |
       Dungeon |   1974 |   1910 |     64 |     26 |   1386 |   4 |  493.5 |
               +--------+--------+--------+--------+--------+-----+--------+

Top non-repeatable levels by time:
     D:2: 754 daAuts
     D:1: 592 daAuts
     D:3: 516 daAuts
     D:4: 111 daAuts

Table legend:
 A = Non-vault XP
 B = Vault XP
 C = Vault XP percentage of total XP
 D = Non-vault monster count
 E = Vault monster count
 F = Vault count percentage of total count
                 A         B        C        D         E       F
            +---------+---------+-------+---------+---------+-------
      Total |     121 |      37 |  23.4 |      35 |      12 |  25.5
            +---------+---------+-------+---------+---------+-------
        D:1 |      21 |       6 |  22.2 |      12 |       3 |  20.0
        D:2 |      74 |      31 |  29.5 |      17 |       9 |  34.6
        D:3 |      23 |       0 |   0.0 |       5 |       0 |   0.0
        D:4 |       3 |       0 |   0.0 |       1 |       0 |   0.0
            +---------+---------+-------+---------+---------+-------
